Get step-by-step instructions on how to execute this build order below. Start the game timer, and the build order will tick by so you can play in parallel with StarCraft on a second screen or mobile device.

Game Time

  0:00

Last Step

  N/A

Next Step

  12  0:11  Drone  

Upcoming Step

  13  0:23  Spawning Pool  

Don't want to look back and forth between 2 screens? Try out our Overwolf App, the Spawning Tool Build Advisor to get an in-game overlay with this build!

Complete Build Order

  12  0:11  Drone  
  13  0:23  Spawning Pool  
  13  0:25  Extractor  
  11  0:32  Evolution Chamber  
  10  0:37  Drone  
  10  0:42  Drone  
  12  0:49  Drone  
  13  0:53  Extractor  
  12  1:03  Drone x2  
  14  1:17  Overlord  
  14  1:37  Roach Warren  
  13  1:42  Drone  
  13  1:43  Drone  
  15  1:56  Drone  
  15  1:58  Drone  
  17  2:28  Hatchery  
  16  2:36  Roach  
  18  2:39  Drone  
  19  2:49  Drone  
  19  2:50  Drone  
  21  3:01  Overlord  
  21  3:08  Drone  
  22  3:18  Lair  
  22  3:28  Roach  
  22  3:30  Drone  
  25  3:43  Roach  
  25  3:44  Roach  
  29  3:51  Roach  
  31  3:57  Roach  
  33  4:06  Zerg Melee Weapons Level 1  
  33  4:08  Roach  
  35  4:14  Overlord  
  35  4:24  Overlord  
  35  4:34  Overlord  
  35  4:35  Drone  
  38  4:45  Roach  
  38  4:46  Roach  
  38  4:47  Roach  
  38  4:50  Drone  
  43  4:57  Glial Reconstitution  
  43  5:04  Burrow  
  43  5:07  Drone  
  44  5:16  Extractor  
  43  5:22  Roach  
  43  5:23  Overlord, Roach  
  47  5:42  Roach  
  51  5:43  Roach x3  
  55  6:01  Overseer x2  
  55  6:03  Roach x3  
  61  6:16  Tunneling Claws  
  61  6:39  Roach x3  
  61  7:30  Overlord x2  
  61  7:31  Overlord  
  61  7:41  Hydralisk Den  
  61  7:43  Spire  
  59  7:45  Extractor  
  59  7:49  Drone  
  59  7:50  Drone x4  
  63  8:27  Hydralisk x2  
  63  8:28  Hydralisk x2  
  63  8:29  Hydralisk x2  
  73  8:58  Hydralisk x3  
  73  8:59  Hydralisk  
  81  9:49  Overlord x4  
  81  10:12  Lurker Den  
  81  10:13  Grooved Spines  
  80  10:20  Overseer  
  80  10:21  Overseer  
  80  10:26  Ravager  
  80  10:27  Ravager x2  
  80  10:28  Ravager  
  84  11:03  Muscular Augments  
  84  11:04  Mutalisk x2  
  84  11:06  Hydralisk x2  
  84  11:07  Hydralisk